 Dungeon Crawl Stone Soup version 0.27.1 (webtiles) character file.

Game seed: 10680774306511952975

148 chaosape the Shield-Bearer (level 5, -2/40 HPs)
             Began as a Gnoll Wanderer on Aug 27, 2021.
             Was a Follower of the Shining One.
             Killed from afar by a dart slug (4 damage)
             ... with a slug dart
             ... on level 4 of the Dungeon.
             The game lasted 00:18:44 (3731 turns).

chaosape the Shield-Bearer (Gnoll Wanderer)         Turns: 3731, Time: 00:18:45

Health: -2/40      AC:  6    Str: 15    XL:     5   Next: 30%
Magic:  7/7        EV: 12    Int: 10    God:    the Shining One [*.....]
Gold:   179        SH:  4    Dex: 10    Spells: 6/6 levels left

rFire    . . .     SeeInvis .   h - +1 short sword
rCold    . . .     Faith    .   c - +0 buckler
rNeg     . . .     Spirit   .   b - +2 leather armour
rPois    .         Reflect  .   (no helmet)
rElec    .         Harm     .   (no cloak)
rCorr    +         Rampage  .   (no gloves)
Will     .....                  l - +0 pair of boots
Stlth    +.........             (no amulet)
HPRegen  0.13/turn              e - ring of resist corrosion
MPRegen  0.10/turn              (no ring)

@: brilliant, flying, glowing
A: fangs 1, strong nose, distributed training
a: Renounce Religion


You were on level 4 of the Dungeon.
You worshipped the Shining One.
The Shining One was aware of your devotion.
You visited 1 branch of the dungeon, and saw 4 of its levels.

You collected 179 gold pieces.

Inventory:

Hand Weapons
 a - a +0 spear
 h - a +1 short sword (weapon)
 i - a +0 morningstar
Missiles
 d - 30 arrows
 f - 76 stones (quivered)
 g - 21 bolts
Armour
 b - a +2 leather armour (worn)
 c - a +0 buckler (worn)
 l - a +0 pair of boots (worn)
Jewellery
 e - a ring of resist corrosion (left hand)
Potions
 k - a potion of flight


   Skills:
 + Level 2.9 Fighting
 + Level 1.4 Short Blades
 + Level 1.4 Long Blades
 + Level 1.4 Axes
 + Level 1.4 Maces & Flails
 + Level 4.7 Polearms
 + Level 1.4 Staves
 + Level 1.4 Slings
 + Level 4.7 Bows
 + Level 1.4 Crossbows
 + Level 1.4 Throwing
 + Level 2.9 Armour
 + Level 2.9 Dodging
 + Level 2.7 Stealth
 + Level 4.7 Shields
 + Level 1.4 Unarmed Combat
 + Level 1.4 Spellcasting
 + Level 1.1 Conjurations
 + Level 1.1 Hexes
 + Level 1.1 Summonings
 + Level 1.1 Necromancy
 + Level 1.1 Translocations
 + Level 1.1 Transmutations
 + Level 1.1 Fire Magic
 + Level 1.1 Ice Magic
 + Level 1.1 Air Magic
 + Level 1.1 Earth Magic
 + Level 1.1 Poison Magic
 + Level 1.6 Invocations
 + Level 1.4 Evocations


You had 6 spell levels left.
You didn't know any spells.
Your spell library was empty.

Dungeon Overview and Level Annotations

Branches:
Dungeon (4/15)
 Temple: D:4-7

Altars:
Trog
The Shining One

Annotations:
D:3 1 runed translucent door, Crazy Yiuf
D:4 Ijyb


Innate Abilities, Weirdness & Mutations

You have very sharp teeth.
Your uncanny sense of smell can sniff out nearby items.
Your experience applies equally to all skills.


Message History

The ball python bites you but does no damage.
The ball python constricts you. The goblin hits you with a +0 dagger.
* * * LOW HITPOINT WARNING * * *
You hit the goblin.
You kill the goblin!
You block the ball python's attack. The ball python constricts you.
You escape the ball python's grasp.
Things that are here:
a +0 dagger; a goblin corpse You puncture the ball python!
You kill the ball python!
A dart slug comes into view.
The dart slug launches a dart at you.
The slug dart hits you but does no damage.
The dart slug launches a dart at you.
The slug dart hits you but does no damage.
The dart slug launches a dart at you.
The slug dart hits you but does no damage.
Ijyb screams, "I no like you!" Ijyb screams, "I cut your head off!"
The dart slug launches a dart at you. The slug dart misses you.
A gnoll comes into view. It is wielding a +0 flail.
Found an escape hatch in the floor.
The gnoll shouts!
You hear a shout! x2
The dart slug bites you.
* * * LOW HITPOINT WARNING * * *
A gnoll comes into view. It is wielding a +0 spear.
A gnoll comes into view. It is wielding a +0 flail.
The gnoll shouts! x2
The dart slug bites you but does no damage.
You hit the dart slug. You bite the dart slug.
The dart slug is severely wounded.
A gnoll comes into view. It is wielding a +0 halberd.
You aren't carrying any scrolls.
You feel clever all of a sudden.
The gnoll shouts!
The dart slug launches a dart at you. The slug dart hits you.
You die...

∆∆
######>g.
#@wgg.g..
#g####...
#.# #K#
#.# #.#
###.#
#...#
#.###


You could see Ijyb, 4 gnolls, a dart slug and a kobold.

Vanquished Creatures
  4 gnolls (D:3)
  5 adders
  A dart slug (D:2)
  An orc (D:3)
  6 endoplasms
  2 giant cockroaches
  6 goblins
  2 hobgoblins (D:1)
  3 kobolds (D:2)
  4 quokkas
  11 ball pythons
  7 bats
  4 frilled lizards
  6 rats
62 creatures vanquished.

Notes
Turn   | Place    | Note
-------+----------+-------------------------------------------
     0 | D:1      | chaosape the Gnoll Wanderer began the quest for the Orb.
     0 | D:1      | chaosape set off with the following items: a +0 spear, a +2
                  | leather armour, a +0 buckler
     0 | D:1      | Reached XP level 1. HP: 17/17 MP: 1/1
   383 | D:1      | Reached XP level 2. HP: 21/23 MP: 2/2
   900 | D:1      | Found a faded altar of an unknown god.
  1034 | D:1      | Became a worshipper of the Shining One
  1034 | D:1      | Reached * piety under the Shining One
  1094 | D:1      | Reached XP level 3. HP: 28/28 MP: 3/3
  1782 | D:2      | Reached skill level 1 in Invocations
  1964 | D:2      | Reached skill level 1 in Short Blades
  1964 | D:2      | Reached skill level 1 in Long Blades
  1964 | D:2      | Reached skill level 1 in Axes
  1964 | D:2      | Reached skill level 1 in Maces & Flails
  1964 | D:2      | Reached skill level 1 in Staves
  1964 | D:2      | Reached skill level 1 in Slings
  1964 | D:2      | Reached skill level 1 in Crossbows
  1964 | D:2      | Reached skill level 1 in Throwing
  1964 | D:2      | Reached skill level 1 in Unarmed Combat
  1964 | D:2      | Reached skill level 1 in Spellcasting
  1964 | D:2      | Reached skill level 1 in Evocations
  2084 | D:2      | Found a bloodstained altar of Trog.
  2129 | D:2      | Reached XP level 4. HP: 25/34 MP: 5/5
  2909 | D:3      | Found a runed translucent door.
  2928 | D:3      | Noticed Crazy Yiuf
  3033 | D:3      | Reached skill level 1 in Conjurations
  3033 | D:3      | Reached skill level 1 in Hexes
  3033 | D:3      | Reached skill level 1 in Summonings
  3033 | D:3      | Reached skill level 1 in Necromancy
  3033 | D:3      | Reached skill level 1 in Translocations
  3033 | D:3      | Reached skill level 1 in Transmutations
  3033 | D:3      | Reached skill level 1 in Fire Magic
  3033 | D:3      | Reached skill level 1 in Ice Magic
  3033 | D:3      | Reached skill level 1 in Air Magic
  3033 | D:3      | Reached skill level 1 in Earth Magic
  3033 | D:3      | Reached skill level 1 in Poison Magic
  3303 | D:3      | Reached XP level 5. HP: 27/40 MP: 6/6
  3634 | D:3      | Noticed Ijyb
  3650 | D:3      | Paralysed by Ijyb for 3 turns
  3697 | D:3      | The Shining One protects you from harm!
  3709 | D:4      | HP: 2/40 [goblin (2)]
  3728 | D:4      | HP: 1/40 [dart slug (3)]
  3731 | D:4      | Killed from afar by a dart slug

Illustrated notes

Levels and vault maps discovered:
D:1:      dpeg_arrival_signposts, layout_loops_ring,
          shapermc_ecumenical_altar_mp_highgroup
D:2:      layout_loops_corners, basic_altar
D:3:      layout_loops_ring, yredelemnul_forgotten_temple_becter, uniq_ijyb,
          uniq_crazy_yiuf_cottage
D:4:      kennysheep_the_goblin_king, layout_loops_ring,
          minmay_temple_entry_overgrown, uniq_pikel

Skill      XL: |  1  2  3  4 |
---------------+-------------+-----
Invocations    | 1 |  1.6
Short Blades   | 1 |  1.4
Long Blades    | 1 |  1.4
Axes           | 1 |  1.4
Maces & Flails | 1 |  1.4
Staves         | 1 |  1.4
Slings         | 1 |  1.4
Crossbows      | 1 |  1.4
Throwing       | 1 |  1.4
Unarmed Combat | 1 |  1.4
Spellcasting   | 1 |  1.4
Evocations     | 1 |  1.4
Conjurations   | 1 |  1.1
Hexes          | 1 |  1.1
Summonings     | 1 |  1.1
Necromancy     | 1 |  1.1
Translocations | 1 |  1.1
Transmutations | 1 |  1.1
Fire Magic     | 1 |  1.1
Ice Magic      | 1 |  1.1
Air Magic      | 1 |  1.1
Earth Magic    | 1 |  1.1
Poison Magic   | 1 |  1.1
Fighting       | |  2.9
Polearms       | |  4.7
Bows           | |  4.7
Armour         | |  2.9
Dodging        | |  2.9
Stealth        | |  2.7
Shields        | |  4.7

Action                   |  1- 3 |  4- 6 || total
-------------------------+-------+-------++-------
Melee: Spear             |   113 |       ||   113
       Bite              |    11 |    10 ||    21
       Short sword       |    53 |    91 ||   144
  Use: Scroll            |     5 |     2 ||     7
       Potion            |       |     2 ||     2
 Stab: Sleeping          |     2 |       ||     2
Armor: Leather armour    |    59 |    28 ||    87
Dodge: Dodged            |   107 |    45 ||   152
Block: Buckler           |    39 |    14 ||    53
